Map: Submarine LE

Players

Massa - Winner!

  • Race: Terran Terran
  • League: Platinum
  • Spawn Location: 5:00

Innoszorn

  • Race: Terran Terran
  • League: Platinum
  • Spawn Location: 11:00

VOD

Have the link to the VOD?

Description

Time

  • Played on: Feb. 13, 2021, 5:06 a.m.
  • Length: 19:41
Show
View Real Time Build Order
Export as new Build Order

Massa Terran - Winner!

Build Orders:  

Get SALT Encoding   

  12  0:00  SCV  
  13  0:13  SCV  
  14  0:19  Supply Depot  
  14  0:25  SCV  
  15  0:41  SCV  
  16  0:44  Barracks  
  16  0:47  Refinery  
  16  0:53  SCV  
  17  1:05  SCV  
  18  1:17  SCV  
  19  1:31  Orbital Command  
  19  1:33  Barracks Reactor  
  19  1:46  Command Center  
  19  2:00  Supply Depot  
  19  2:07  SCV  
  20  2:09  Marine x2  
  22  2:23  Factory  
  21  2:30  Marine x2  
  23  2:42  SCV  
  24  2:48  Marine x2  
  26  2:54  SCV  
  26  3:00  Orbital Command  
  26  3:14  Hellion  
  26  3:15  Marine x2  
  26  3:18  SCV  
  31  3:30  SCV x2  
  31  3:32  Marine  
  31  3:33  Marine  
  35  3:36  Hellion  
  37  3:42  SCV  
  37  3:44  Starport  
  38  4:07  Barracks Tech Lab  
  38  4:16  Hellion x2  
  42  4:18  SCV x2  
  44  4:30  SCV x2  
  44  4:42  SCV x2  
  44  4:44  Barracks Tech Lab  
  46  4:46  Cloaking Field  
  46  4:52  Supply Depot  
  46  4:54  Supply Depot  
  46  4:56  Refinery  
  46  5:00  Engineering Bay  
  46  5:05  Command Center  
  46  5:07  Barracks  
  46  5:10  Barracks  
  46  5:11  Barracks  
  46  5:14  Banshee, SCV x2  
  51  5:24  Refinery  
  51  5:26  SCV x2  
  51  5:28  Stimpack  
  53  5:32  Missile Turret  
  53  5:35  Missile Turret  
  53  5:38  SCV x2  
  55  5:43  Marine  
  55  5:47  Terran Infantry Weapons Level 1  
  56  5:50  SCV x2  
  56  5:57  Banshee  
  58  5:59  Missile Turret  
  58  6:01  Marine  
  58  6:03  Barracks Reactor, Barracks Tech Lab  
  58  6:04  Barracks Tech Lab, Missile Turret  
  62  6:20  SCV x3  
  65  6:26  Widow Mine x2  
  65  6:31  Combat Shield  
  65  6:32  SCV x2, Concussive Shells  
  71  6:37  Refinery  
  71  6:47  Widow Mine  
  71  6:48  Widow Mine  
  71  6:53  Viking  
  74  7:27  Widow Mine  
  76  7:34  Marine, Supply Depot  
  76  7:35  Planetary Fortress, Supply Depot  
  76  7:36  Supply Depot  
  77  7:37  Supply Depot  
  77  7:43  SCV  
  77  7:44  Marauder  
  77  7:54  SCV  
  77  7:56  Widow Mine x2, SCV, Marauder, Marine x2, Medivac  
  77  7:57  Marauder  
  90  7:59  Supply Depot  
  90  8:05  Marauder  
  91  8:06  SCV  
  91  8:13  Marine  
  91  8:17  Widow Mine  
  91  8:18  SCV, Marauder x2, Terran Infantry Armor Level 1  
  99  8:20  Armory  
  99  8:22  SCV x2, Engineering Bay  
  99  8:27  Marauder  
  103  8:30  SCV  
  103  8:33  Medivac  
  103  8:34  SCV x2  
  108  8:42  SCV  
  109  8:56  Command Center, Supply Depot  
  109  8:57  Supply Depot  
  109  8:59  Supply Depot  
  109  9:10  SCV x2  
  109  9:17  Marine x2, Medivac  
  109  9:18  SCV, Marauder  
  109  9:19  Marauder  
  109  9:20  Supply Depot  
  109  9:22  Sensor Tower  
  118  9:25  Sensor Tower, Siege Tank  
  121  9:35  Refinery, Marine x2  
  121  9:37  Refinery  
  123  9:39  Marauder  
  123  9:41  Marauder  
  127  9:46  Drilling Claws  
  127  9:53  Marine  
  127  9:57  Marine x2, Siege Tank  
  127  9:58  Marine  
  127  9:59  Medivac  
  136  10:00  Marine  
  136  10:01  Marine  
  138  10:12  Starport  
  138  10:15  Starport  
  136  10:30  Barracks  
  136  10:35  Barracks  
  136  10:37  Terran Infantry Armor Level 2, Terran Infantry Weapons Level 2  
  136  10:39  SCV x2  
  136  10:40  SCV  
  139  10:43  Planetary Fortress  
  139  10:45  Barracks  
  139  10:46  Refinery  
  139  10:51  SCV  
  139  10:52  SCV x2  
  139  10:54  Siege Tank  
  145  10:57  Medivac  
  145  11:03  Starport Tech Lab, Starport Reactor  
  145  11:04  SCV x2, Smart Servos  
  149  11:24  SCV x3  
  149  11:25  SCV, Command Center  
  153  11:30  Refinery  
  153  11:36  SCV x3  
  153  11:37  SCV  
  157  11:40  Fusion Core  
  157  11:43  Command Center, Terran Vehicle Weapons Level 1  
  157  11:45  Armory  
  157  11:48  SCV x2  
  159  11:57  Barracks Tech Lab  
  159  11:58  Barracks Reactor, Barracks Tech Lab  
  159  12:00  Marauder x2, Marine  
  164  12:10  Supply Depot  
  164  12:11  Supply Depot  
  164  12:13  Supply Depot x3  
  164  12:16  Supply Depot x2  
  164  12:25  Sensor Tower  
  164  12:29  Missile Turret  
  164  12:31  Liberator, Marine x3  
  164  12:32  Marauder  
  164  12:33  Liberator, Marauder, Marine  
  164  12:34  Liberator x2, Supply Depot  
  164  12:36  Supply Depot  
  184  12:39  Siege Tank  
  187  12:45  Terran Vehicle And Ship Armor Level 1  
  187  12:49  Marine x2  
  187  12:50  Planetary Fortress  
  189  12:55  Refinery  
  189  12:57  Planetary Fortress  
  189  12:58  Refinery, Supply Depot  
  189  13:03  SCV x4  
  193  13:11  Siege Tank  
  196  13:14  Viking  
  196  13:16  Viking  
  196  13:18  Command Center  
  200  13:31  Terran Infantry Weapons Level 3, Terran Infantry Armor Level 3  
  186  13:54  Viking x4  
  177  14:24  Viking x4  
  156  14:54  Medivac x2, Viking x2  
  156  14:59  Marauder, Marine  
  159  15:00  Marauder x3, Marine x5  
  159  15:01  Orbital Command  
  153  15:17  Marine  
  153  15:18  Marine x4  
  153  15:21  Marauder x4  
  166  15:24  Medivac  
  164  15:42  Marauder x2  
  149  15:43  Marauder x2  
  149  15:44  Marine x4  
  149  15:45  Marine x2  
  152  15:53  Siege Tank  
  155  16:02  Factory, Marine x6  
  155  16:03  Marauder, Factory x2, Marine x2  
  167  16:04  Marauder  
  167  16:09  SCV  
  167  16:10  SCV x2, Missile Turret  
  170  16:13  Neosteel Armor  
  170  16:14  Hi-Sec Auto Tracking  
  170  16:15  Terran Vehicle Weapons Level 2  
  170  16:16  Terran Vehicle And Ship Armor Level 2  
  166  16:20  Marine x3  
  166  16:25  Siege Tank  
  172  16:41  Medivac x2  
  172  16:42  Medivac x2  
  180  16:50  Factory Tech Lab x2  
  180  16:51  Factory Tech Lab  
  180  16:52  Marauder x3, Marine  
  180  16:53  Marauder, Marine  
  190  16:57  SCV x3, Siege Tank  
  196  17:11  Medivac  
  185  17:20  Medivac x3  
  188  17:23  Siege Tank x3  
  188  17:27  Refinery  
  188  17:29  Siege Tank  
  200  17:31  Refinery  
  200  17:36  Advanced Ballistics  
  200  17:41  Command Center, Viking  
  198  17:50  Viking  
  198  18:39  Raven  
  199  19:13  Missile Turret x2  
  199  19:16  Missile Turret  
  188  19:17  Missile Turret  
Show
View Real Time Build Order
Export as new Build Order

Innoszorn Terran 

Build Orders:  

Get SALT Encoding   

  12  0:01  SCV  
  13  0:13  SCV  
  14  0:17  Supply Depot  
  14  0:25  SCV  
  15  0:38  SCV  
  15  0:40  Barracks  
  16  0:46  Refinery  
  16  0:50  SCV  
  17  1:03  SCV  
  18  1:15  SCV  
  19  1:29  Orbital Command  
  19  1:30  Reaper  
  20  1:49  Refinery  
  20  1:56  SCV  
  21  2:02  Command Center  
  21  2:10  Reaper  
  21  2:13  Supply Depot  
  22  2:33  SCV  
  23  2:39  Factory  
  23  2:44  Command Center  
  23  2:47  Barracks Reactor  
  23  2:55  SCV  
  24  3:16  Orbital Command  
  24  3:17  SCV  
  25  3:23  Factory Tech Lab  
  25  3:24  Marine  
  25  3:25  Starport  
  26  3:28  Marine  
  26  3:34  SCV  
  26  3:42  Siege Tank  
  26  3:43  SCV  
  26  3:45  Marine  
  32  3:48  SCV  
  32  3:50  Marine  
  33  3:56  SCV  
  33  4:01  Orbital Command  
  34  4:03  Starport Tech Lab  
  34  4:06  SCV  
  34  4:08  SCV  
  36  4:10  Marine  
  36  4:11  Marine  
  41  4:17  Siege Tank  
  41  4:18  SCV  
  41  4:23  SCV  
  43  4:25  Banshee  
  45  4:33  SCV x2  
  45  4:34  Marine x2  
  49  4:39  SCV  
  49  4:43  Bunker  
  50  4:48  Supply Depot  
  50  4:50  Cloaking Field, Supply Depot  
  50  4:53  Engineering Bay  
  50  4:58  Marine x2  
  52  5:00  Siege Tank  
  52  5:03  SCV x2  
  52  5:04  SCV  
  58  5:14  Banshee  
  58  5:16  Orbital Command  
  58  5:17  SCV  
  58  5:18  SCV  
  63  5:27  Refinery  
  63  5:28  Refinery  
  63  5:29  Terran Infantry Weapons Level 1  
  63  5:41  SCV  
  63  5:42  SCV x2  
  66  5:43  Barracks  
  66  5:44  Barracks, Siege Tank  
  69  5:54  SCV x2  
  71  5:57  SCV  
  72  6:14  SCV x2  
  72  6:15  SCV  
  75  6:19  Stimpack  
  75  6:20  Marine  
  76  6:27  SCV  
  76  6:32  Barracks Reactor  
  77  6:33  Barracks Reactor  
  77  6:37  Supply Depot  
  77  6:38  Missile Turret  
  77  6:39  Supply Depot  
  77  6:43  Missile Turret  
  77  6:44  Missile Turret  
  77  6:47  Supply Depot  
  77  6:48  SCV, Missile Turret x2, Supply Depot  
  77  6:49  Missile Turret, Supply Depot  
  77  6:50  SCV  
  77  6:52  SCV  
  77  6:59  Viking x2  
  80  7:04  SCV  
  76  7:22  SCV x2  
  76  7:27  Marine x3  
  76  7:28  Marine x2  
  80  7:30  SCV  
  77  7:40  SCV  
  77  7:41  SCV  
  77  7:42  SCV  
  79  7:51  Missile Turret  
  79  7:53  SCV x2  
  79  7:57  Marine  
  79  7:58  Marine x3  
  85  7:59  Marauder, Medivac x2, Siege Tank  
  91  8:09  SCV x2  
  91  8:10  SCV  
  91  8:20  Terran Infantry Armor Level 1  
  91  8:22  SCV  
  91  8:23  SCV x2, Armory, Engineering Bay, Missile Turret  
  91  8:24  Missile Turret x2  
  94  8:33  Refinery  
  94  8:34  Refinery, Command Center  
  94  8:38  Sensor Tower  
  94  8:40  Combat Shield  
  94  8:41  Barracks, Marine  
  94  8:42  Marine x4  
  94  8:43  Barracks, Medivac, Siege Tank  
  104  8:50  SCV x3  
  107  9:08  Marine x4  
  101  9:13  SCV  
  101  9:14  SCV x2  
  104  9:27  Terran Vehicle Weapons Level 1  
  104  9:34  SCV x2  
  104  9:35  Factory  
  106  9:46  SCV  
  106  9:49  Marine x3  
  110  9:55  SCV x2  
  110  9:58  SCV  
  113  10:02  Marine  
  113  10:03  Viking x2  
  113  10:05  Barracks Reactor  
  113  10:06  Barracks Reactor  
  118  10:09  Concussive Shells  
  118  10:10  SCV x2  
  118  10:11  Starport, SCV  
  118  10:13  Refinery  
  120  10:15  Command Center  
  120  10:28  Marine  
  120  10:29  Marine x3  
  124  10:35  Medivac x2  
  124  10:39  Planetary Fortress  
  128  10:43  SCV, Sensor Tower  
  128  10:44  SCV x2  
  128  10:46  Factory Tech Lab  
  131  10:54  Starport Reactor  
  131  10:57  Terran Infantry Weapons Level 2  
  131  10:58  Terran Infantry Armor Level 2  
  131  11:03  Factory Tech Lab  
  131  11:06  Missile Turret  
  131  11:13  SCV  
  132  11:19  Refinery  
  132  11:20  Supply Depot  
  132  11:22  Supply Depot  
  132  11:23  Supply Depot  
  132  11:24  Terran Ship Weapons Level 1  
  132  11:26  Fusion Core  
  132  11:27  SCV x3  
  132  11:28  Orbital Command  
  135  11:38  Marine x3  
  135  11:39  Marine x3  
  140  11:40  Marine  
  140  11:41  Marauder, Marine, Siege Tank  
  140  11:42  Medivac x2  
  140  11:43  Viking x2  
  156  11:49  Siege Tank  
  159  11:54  Supply Depot x2  
  159  11:55  Supply Depot  
  159  11:59  Command Center x2  
  159  12:07  Starport  
  159  12:08  Starport x2  
  159  12:20  Marine x4, Command Center  
  159  12:21  Marine x2  
  165  12:32  Barracks  
  165  12:33  Barracks x2  
  165  12:39  Advanced Ballistics  
  165  12:40  Supply Depot  
  165  12:41  Supply Depot  
  165  12:44  Armory  
  165  12:48  SCV x4  
  165  12:49  Marine  
  165  12:50  Marine x3  
  173  12:57  Starport Tech Lab x2  
  173  12:58  Starport Tech Lab  
  173  13:10  Liberator x4  
  184  13:44  Marine x3  
  184  13:45  Marine x4  
  184  13:46  Marauder  
  189  13:58  Weapon Refit  
  189  14:08  Marauder  
  191  14:12  Terran Infantry Weapons Level 3, Terran Vehicle Weapons Level 2, Terran Infantry Armor Level 3  
  183  14:22  Liberator x2  
  189  14:26  Viking x2  
  189  14:29  Marauder  
  189  14:35  Terran Ship Weapons Level 2  
  189  14:41  Marine x4  
  189  14:42  Marine x2  
  181  14:59  Marine x2  
  172  15:00  Marine x2  
  175  15:23  Marine  
  175  15:24  Marine x6  
  175  15:25  Marine x5  
  177  15:41  Marine x2  
  177  15:42  Marine  
  162  15:47  Marine x4  
  147  16:00  SCV x3  
  149  16:04  Marine x2  
  149  16:05  Marine x4  
  153  16:27  Sensor Tower  
  153  16:28  Terran Vehicle And Ship Armor Level 1  
  153  16:34  Marine x5  
  153  16:35  Barracks Reactor x3  
  153  16:36  Marine  
  153  16:37  Siege Tank x2  
  153  16:38  Battlecruiser x3  
  183  16:41  Viking x4  
  191  16:48  Planetary Fortress  
  191  16:50  Orbital Command  
  191  16:56  Terran Ship Weapons Level 3  
  191  16:58  Neosteel Armor  
  191  17:04  Sensor Tower  
  191  17:05  Refinery x2  
  191  17:06  Marine, Missile Turret  
  191  17:07  Marine x7, Missile Turret  
  194  17:27  Marine x2  
  194  17:28  Marine x4  
  198  18:05  Viking, Battlecruiser  
  198  18:34  Marine  
  198  18:35  Marine  
Tags
 
Matchup
TvT
Race
Terran
Replay Pack
Multiplayer
Spawn Locations
Cross Positions
Add a new tag
Caveats
  • Supply blocks, unpowered buildings, or Contaminate may cause inaccurate times.
  • Supply counts are checked every 10 seconds.